Map: 中心协议

Players

shengy

  • Race: Zerg Zerg
  • League: Platinum

Funker - Winner!

  • Race: Zerg Zerg
  • League: Platinum

VOD

Have the link to the VOD?

Description

Time

  • Played on: Dec. 23, 2015, 3:57 p.m.
  • Length: 4:51
Show
View Real Time Build Order
Export as new Build Order

shengy Zerg 

Build Orders: Pool First 

Get SALT Encoding   

  12  0:01  Drone  
  13  0:08  Drone  
  14  0:17  Overlord  
  14  0:36  Drone x3  
  17  0:46  Spawning Pool  
  17  0:49  Drone  
  17  0:58  Drone  
  18  1:20  Overlord  
  18  1:22  Hatchery  
  17  1:26  Drone  
  18  1:33  Extractor  
  18  1:34  Queen  
  18  1:39  Zergling x2  
  20  1:45  Drone  
  21  2:07  Drone  
  22  2:10  Drone, Queen  
  25  2:16  Drone  
  26  2:35  Queen  
  26  2:36  Metabolic Boost  
  28  2:38  Drone x2  
  30  2:45  Drone  
  31  2:58  Overlord  
  31  3:05  Drone x5  
  36  3:09  Roach Warren  
  35  3:23  Drone x2  
  35  3:24  Extractor  
  36  3:27  Lair  
  36  3:36  Drone x6  
  42  3:46  Overlord  
  42  3:47  Drone  
  42  3:48  Drone  
  43  4:05  Extractor  
  43  4:06  Extractor  
  43  4:08  Overlord x2  
  43  4:09  Evolution Chamber  
  40  4:18  Hatchery, Overlord  
  40  4:20  Drone  
  40  4:21  Drone  
  40  4:22  Drone  
Show
View Real Time Build Order
Export as new Build Order

Funker Zerg - Winner!

Build Orders: Hatch First 

Get SALT Encoding   

  12  0:01  Drone  
  13  0:13  Overlord  
  13  0:17  Drone  
  14  0:26  Drone, Extractor  
  15  0:31  Drone  
  16  0:37  Drone  
  17  0:49  Drone  
  18  0:59  Hatchery  
  17  1:12  Spawning Pool  
  17  1:13  Drone  
  17  1:17  Drone  
  18  1:21  Drone  
  19  1:37  Extractor, Overlord  
  18  1:41  Drone  
  19  2:00  Zergling x2  
  19  2:01  Queen  
  20  2:03  Zergling x2  
  23  2:11  Queen  
  23  2:12  Zergling x2  
  23  2:13  Zergling x2  
  27  2:25  Drone x2  
  29  2:43  Drone x2  
  29  2:44  Drone  
  32  2:50  Drone  
  33  2:54  Roach Warren  
  33  2:55  Queen  
  34  3:04  Drone  
  35  3:06  Overlord  
  35  3:08  Drone  
  36  3:22  Overlord  
  36  3:31  Overlord  
  40  3:34  Roach x4  
  44  3:44  Roach x2  
  44  3:45  Roach x2  
  52  3:48  Evolution Chamber  
  52  3:49  Extractor  
  52  3:51  Pneumatized Carapace  
  50  4:07  Drone x2, Overlord  
  50  4:08  Drone x3  
  55  4:12  Drone x3  
  58  4:24  Overlord  
Tags
 
Add a new tag
Caveats
  • Supply blocks, unpowered buildings, or Contaminate may cause inaccurate times.
  • Supply counts are checked every 10 seconds.